[Event "Titled Tuesday Blitz December 20 Late 2022"]
[White "Matthes, Aaron"]
[Black "Tymrakiewicz, Rafal"]
[WhiteFideId "16227310"]
[BlackFideId "1108832"]
[WhiteElo "2333"]
[BlackElo "2139"]
[Result "1-0"]
[Round "04"]
[TimeControl "180+1"]
[Date "2022.12.21"]
[WhiteClock "0:00:14"]
[BlackClock "0:00:02"]

1. d4 Nf6 2. Bf4 c5 3. e3 cxd4 4. exd4 d5 5. c3 Nc6 6. Nf3 Bg4 7. Nbd2 e6 8. Qb3 Qc8 9. Bd3 Bxf3 10. Nxf3 Be7 11. O-O O-O 12. Rfe1 Nd7 13. Qc2 g6 14. h4 Nf6 15. Bh6 Re8 16. Bg5 Qd8 17. g3 Rb8 18. Kg2 b5 19. Bf4 Bd6 20. Ne5 Bxe5 21. dxe5 Nd7 22. a3 Qe7 23. Qe2 a6 24. h5 Nc5 25. Bc2 Na4 26. Rab1 Nb6 27. Rh1 g5 28. h6 f5 29. exf6 Qxf6 30. Bxb8 Nxb8 31. Rbe1 Nc4 32. Qd3 Re7 33. b3 Ne5 34. Qe3 Nbd7 35. Rh5 Nf7 36. Qf3 Qxf3+ 37. Kxf3 e5 38. Bf5 Nf6 39. Rhh1 Rc7 40. Re3 e4+ 41. Kg2 Ne5 42. Rd1 Kf7 43. f4 exf3+ 44. Kf2 Nfg4+ 45. Bxg4 Nxg4+ 46. Kxf3 Nxe3 47. Kxe3 Rxc3+ 48. Kf2 Ke6 49. Re1+ Kd6 50. Re8 Rc7 51. Rg8 Rc2+ 52. Kf3 Rc3+ 53. Kg4 Rxb3 54. Rg7 Rxa3 55. Rxh7 Ra1 56. Ra7 Rh1 57. Rxa6+ Kc5 58. Kxg5 b4 59. Ra5+ Kc4 60. Kg6 b3 61. Ra4+ Kc3 62. Rh4 Rg1 63. h7 Rxg3+ 64. Kf7 Rf3+ 65. Ke7 Re3+ 66. Kd7 b2 67. h8=Q+ d4 68. Qxd4+ Kc2 69. Rh2+ Kc1 70. Qxb2+ Kd1 71. Qd2# 1-0


[Site "https://www.chess.com"]

[Event "Titled Tuesday Blitz December 20 Late 2022"]
[White "Megalios, Konstantinos"]
[Black "Guzman Moneo, Alberto"]
[WhiteFideId "4238044"]
[BlackFideId "2209616"]
[WhiteElo "2277"]
[BlackElo "2157"]
[Result "1-0"]
[Round "04"]
[TimeControl "180+1"]
[Date "2022.12.21"]
[WhiteClock "0:00:16"]
[BlackClock "0:00:25"]

1. e4 c5 2. Nf3 Nc6 3. d4 cxd4 4. Nxd4 g6 5. c4 Nf6 6. Nc3 d6 7. f3 Nxd4 8. Qxd4 Bg7 9. Be3 O-O 10. Qd2 a5 11. b3 a4 12. b4 a3 13. Rc1 Be6 14. Be2 Nd7 15. O-O Ne5 16. Nd5 Bxd5 17. cxd5 Rc8 18. Bb5 Rxc1 19. Rxc1 Qb8 20. Qc2 f5 21. exf5 gxf5 22. f4 Ng4 23. Bb6 Bb2 24. Re1 Rc8 25. Qxf5 Nf6 26. Rxe7 Rc1+ 27. Kf2 Qf8 28. Re6 Kh8 29. Bd3 Qg7 30. h3 Rd1 31. g4 Rd2+ 32. Kf3 Rh2 33. Kg3 Rd2 34. Kf3 Rh2 35. g5 Ng8 36. Re8 Bc3 37. b5 Rxa2 38. Ra8 Ra1 39. Bc4 Bd4 40. Bxd4 Qxd4 41. Qf6+ Qxf6 42. gxf6 Rc1 43. f7 Kg7 44. fxg8=Q+ Kh6 45. Qe6+ Kh5 46. Qg4+ Kh6 47. Qg5# 1-0


[Site "https://www.chess.com"]

[Event "Titled Tuesday Blitz December 20 Late 2022"]
[White "Melikhov, Evgeny V."]
[Black "Musovic, Armin"]
[WhiteFideId "4122046"]
[BlackFideId "939935"]
[WhiteElo "2169"]
[BlackElo "2288"]
[Result "0-1"]
[Round "04"]
[TimeControl "180+1"]
[Date "2022.12.21"]
[WhiteClock "0:00:04"]
[BlackClock "0:01:12"]

1. d4 d5 2. c4 c5 3. cxd5 Nf6 4. e4 Nxe4 5. dxc5 Qa5+ 6. Bd2 Nxd2 7. Qxd2 Qxd2+ 8. Nxd2 g6 9. Rc1 Bh6 10. Bb5+ Kf8 11. c6 Kg7 12. c7 Nd7 13. Ngf3 Nb6 14. Rc5 a6 15. Be2 Bf4 16. O-O Bd6 17. Rcc1 Nxd5 18. Ne4 Bf4 19. Rc5 e6 20. g3 Bxc7 21. Rfc1 Bb6 22. R5c4 Rd8 23. Ne5 Nf6 24. Kg2 Nxe4 25. Rxe4 Rd2 26. Nc4 Rxe2 27. Rxe2 Bc7 28. f4 b5 29. Ne5 Bb7+ 30. Kf2 Bb6+ 31. Kf1 Rd8 32. Ke1 Ba5+ 33. Kf1 h5 34. a3 Bb6 35. b4 h4 36. Ke1 hxg3 37. hxg3 Rh8 38. Kd2 Rh3 0-1


[Site "https://www.chess.com"]

[Event "Titled Tuesday Blitz December 20 Late 2022"]
[White "Melkumyan, Hrant"]
[Black "Tarnowska, Aleksandra"]
[WhiteFideId "13302485"]
[BlackFideId "1180967"]
[WhiteElo "2604"]
[BlackElo "1776"]
[Result "1-0"]
[Round "04"]
[TimeControl "180+1"]
[Date "2022.12.21"]
[WhiteClock "0:01:06"]
[BlackClock "0:00:02"]

1. d4 d5 2. c4 e6 3. Nc3 Nf6 4. Bg5 Be7 5. e3 O-O 6. Rc1 h6 7. Bh4 c6 8. Nf3 b6 9. Bd3 Bb7 10. O-O Nbd7 11. Qe2 Rc8 12. Rfd1 dxc4 13. Bxc4 Nd5 14. Bg3 Nxc3 15. bxc3 Nf6 16. e4 Ba3 17. Rc2 Qe7 18. Bd3 c5 19. e5 Nd5 20. Qe4 g6 21. Bh4 Qd7 22. Qg4 cxd4 23. cxd4 Rxc2 24. Bxc2 Rc8 25. Bd3 Kh7 26. Bf6 Nc3 27. Re1 Bxf3 28. gxf3 Nd5 29. h4 Nxf6 30. exf6 Qd5 31. h5 Rd8 32. hxg6+ Kg8 33. gxf7+ Kxf7 34. Qg7+ Ke8 35. Bg6# 1-0


[Site "https://www.chess.com"]

[Event "Titled Tuesday Blitz December 20 Late 2022"]
[White "Mendez Fortes, Eduardo Jesus"]
[Black "D`Arruda, Ricardo D."]
[WhiteFideId "3502376"]
[BlackFideId "100692"]
[WhiteElo "2307"]
[BlackElo "2439"]
[Result "1-0"]
[Round "04"]
[TimeControl "180+1"]
[Date "2022.12.21"]
[WhiteClock "0:00:23"]
[BlackClock "0:01:18"]

1. e4 c5 2. Nf3 Nc6 3. d4 cxd4 4. Nxd4 e5 5. Nb5 a6 6. Nd6+ Bxd6 7. Qxd6 Qe7 8. Qd1 Nf6 9. Nc3 d6 10. Bg5 Be6 11. Nd5 Bxd5 12. exd5 Nb8 13. c4 Nbd7 14. Be2 h6 15. Be3 O-O 16. O-O b6 17. Qd2 a5 18. b3 Rfc8 19. Rfe1 Qd8 20. f4 Qc7 21. Kh1 Re8 22. Bf3 exf4 23. Bxf4 Rxe1+ 24. Rxe1 Re8 25. Rxe8+ Nxe8 26. Qe2 Ne5 27. Be4 Nf6 28. Bc2 Nfd7 29. Be3 Nc5 30. Bd4 Qe7 31. a3 Qg5 32. Be3 Qh4 33. g3 Qf6 34. Bd4 Qg5 35. Kg2 Qc1 36. b4 axb4 37. axb4 Ncd7 38. Bb2 Qg5 39. Bc3 Kf8 40. h4 Qf6 41. Bd4 Qe7 42. Bf5 Qd8 43. c5 bxc5 44. bxc5 Qf6 45. Bxd7 1-0


[Site "https://www.chess.com"]

[Event "Titled Tuesday Blitz December 20 Late 2022"]
[White "Migot, Tangi"]
[Black "aidenzhouu"]
[WhiteFideId "662445"]
[WhiteElo "2559"]
[BlackElo "2403"]
[Result "1-0"]
[Round "04"]
[TimeControl "180+1"]
[Date "2022.12.21"]
[WhiteClock "0:00:34"]
[BlackClock "0:00:07"]

1. Nf3 Nf6 2. b3 g6 3. Bb2 Bg7 4. e4 O-O 5. e5 Nd5 6. c4 Nb6 7. d4 d6 8. exd6 exd6 9. Be2 Nc6 10. h3 Re8 11. O-O Bf5 12. Nbd2 Nb4 13. Bc3 Bc2 14. Qc1 Rxe2 15. Bxb4 Bf5 16. Re1 Rxe1+ 17. Qxe1 Qd7 18. Nf1 Re8 19. Qd2 Re7 20. Re1 Qe8 21. Ng3 Rxe1+ 22. Nxe1 Bd7 23. d5 Nc8 24. Bc3 Bxc3 25. Qxc3 Qe5 26. Qxe5 dxe5 27. Nd3 e4 28. Nc5 Bf5 29. Nxb7 Kg7 30. Kf1 Kf6 31. Ke2 Ke5 32. Ke3 Nb6 33. Na5 Nd7 34. Nc6+ Kd6 35. Nxa7 Kc5 36. Nc6 Nb6 37. Nxe4+ Bxe4 38. Kxe4 f5+ 39. Ke5 1-0


[Site "https://www.chess.com"]

[Event "Titled Tuesday Blitz December 20 Late 2022"]
[White "Mihajlov, Sebastian"]
[Black "Shimanov, Aleksandr"]
[WhiteFideId "1512110"]
[BlackFideId "4198603"]
[WhiteElo "2464"]
[BlackElo "2605"]
[Result "0-1"]
[Round "04"]
[TimeControl "180+1"]
[Date "2022.12.20"]
[WhiteClock "0:00:06"]
[BlackClock "0:00:48"]

1. e4 c6 2. d4 d5 3. exd5 cxd5 4. Bd3 Nc6 5. c3 Nf6 6. Bf4 Bg4 7. Qb3 Qd7 8. Nd2 e6 9. Ngf3 Bd6 10. Bxd6 Qxd6 11. O-O O-O 12. Rfe1 Bxf3 13. Nxf3 Qc7 14. Qc2 g6 15. Qd2 Kg7 16. h4 Rab8 17. Ne5 Nxe5 18. dxe5 Nd7 19. Qg5 Qd8 20. Qg3 h5 21. Re3 Qe7 22. Rae1 b5 23. a3 a5 24. f4 Kh8 25. Qh3 Rg8 26. g4 b4 27. axb4 axb4 28. c4 dxc4 29. Bxc4 Nb6 30. Bb3 Rbd8 31. Kh2 Rd4 32. Re4 Qc5 33. Qf3 hxg4 34. Qxg4 Rxe4 35. Rxe4 Qf2+ 36. Qg2 Qxh4+ 37. Kg1 Rc8 38. Rd4 Rc1+ 39. Rd1 Rxd1+ 40. Bxd1 Qxf4 0-1


[Site "https://www.chess.com"]

[Event "Titled Tuesday Blitz December 20 Late 2022"]
[White "Milikow, Yoav"]
[Black "Sjugirov, Sanan"]
[WhiteFideId "2822237"]
[BlackFideId "4189302"]
[WhiteElo "2416"]
[BlackElo "2613"]
[Result "0-1"]
[Round "04"]
[TimeControl "180+1"]
[Date "2022.12.20"]
[WhiteClock "0:00:08"]
[BlackClock "0:00:04"]

1. d4 Nf6 2. c4 e6 3. Nc3 Bb4 4. Qc2 d5 5. a3 Bxc3+ 6. Qxc3 O-O 7. Nf3 h6 8. g4 Ne4 9. Qc2 c5 10. dxc5 a5 11. g5 hxg5 12. h4 g4 13. Ng5 Na6 14. Nxe4 dxe4 15. Qxe4 Nxc5 16. Qxg4 Nb3 17. Bg5 f6 18. Rd1 Qc7 19. Be3 e5 20. Qe4 Be6 21. Rg1 f5 22. Qc2 a4 23. Qc3 f4 24. Bc1 Rac8 25. Bg2 Qxc4 26. Qxe5 Rf7 27. Bxf4 Qxf4 28. Qxe6 Qxf2# 0-1


[Site "https://www.chess.com"]

[Event "Titled Tuesday Blitz December 20 Late 2022"]
[White "Milosevic, Milos"]
[Black "Hambleton, Aman"]
[WhiteFideId "964875"]
[BlackFideId "2606577"]
[WhiteElo "2314"]
[BlackElo "2538"]
[Result "0-1"]
[Round "04"]
[TimeControl "180+1"]
[Date "2022.12.21"]
[WhiteClock "0:00:11"]
[BlackClock "0:00:09"]

1. d4 Nf6 2. Nc3 b6 3. e4 Bb7 4. d5 e6 5. dxe6 dxe6 6. Qxd8+ Kxd8 7. Bg5 h6 8. O-O-O+ Nd7 9. Bh4 g5 10. Bg3 Nxe4 11. Bb5 Nd6 12. Nf3 a6 13. Ba4 b5 14. Bb3 Bg7 15. a4 b4 16. Ne2 Ke7 17. Ned4 Nc5 18. Rhe1 Rhd8 19. Ne5 Bxe5 20. Bxe5 Nxb3+ 21. Nxb3 Bxg2 22. Nc5 Kf8 23. h4 gxh4 24. Bf6 h3 25. Re3 Ne8 26. Bxd8 h2 27. Bh4 h1=Q 28. Rxh1 Bxh1 29. Rg3 f6 30. Nd7+ Kf7 31. Nc5 a5 32. Nd3 Be4 33. Nf4 e5 34. Ne2 Nd6 35. Re3 Bc6 36. Ng3 Bxa4 37. Rf3 f5 38. Nxf5 Ke6 39. Ng7+ Kd7 40. Rf6 Ne8 41. Rf7+ Kc6 42. Nf5 Nd6 43. Ne7+ Kb7 44. Rf6 e4 45. Rxh6 Rf8 46. Bg3 Nf5 47. Nxf5 Rxf5 48. Rh7 Rc5 49. Kb1 Bxc2+ 50. Ka2 a4 51. b3 Bxb3+ 52. Kb2 Bd5 53. Bd6 a3+ 54. Kb1 a2+ 55. Kb2 Rc1 56. Rxc7+ Rxc7 57. Bxc7 Kxc7 58. Ka1 Kd6 59. Kb2 Ke5 60. Ka1 Kf4 61. Kb2 Kf3 62. Ka1 Kxf2 63. Kb2 e3 64. Ka1 e2 65. Kb2 Ke3 66. Ka1 e1=Q+ 67. Kb2 0-1


[Site "https://www.chess.com"]

[Event "Titled Tuesday Blitz December 20 Late 2022"]
[White "Moksh Amit Doshi"]
[Black "Mikhailov, Viacheslav"]
[WhiteFideId "25064967"]
[BlackFideId "4187369"]
[WhiteElo "2297"]
[BlackElo "2381"]
[Result "1-0"]
[Round "04"]
[TimeControl "180+1"]
[Date "2022.12.21"]
[WhiteClock "0:00:27"]
[BlackClock "0:00:03"]

1. d4 c5 2. d5 e5 3. c4 d6 4. Nc3 Be7 5. g3 a6 6. Bg2 Bg5 7. e3 Ne7 8. h4 Bh6 9. g4 g6 10. Ne4 Bg7 11. Qa4+ b5 12. cxb5 O-O 13. Ne2 Bxg4 14. bxa6 Nxa6 15. Nf6+ Bxf6 16. Qxg4 Bg7 17. Bd2 f5 18. Qc4 Qb6 19. Bc3 Rfb8 20. h5 Qb5 21. Qh4 Kf7 22. a4 Qd3 23. Nf4 exf4 24. Bxg7 fxe3 25. Bc3 Rxb2 26. hxg6+ Ke8 27. Bxb2 Qd2+ 28. Kf1 Nxg6 29. Qg3 1-0


[Site "https://www.chess.com"]

[Event "Titled Tuesday Blitz December 20 Late 2022"]
[White "Moreno Perez, Tobias Sebastian"]
[Black "Myers, Dominique"]
[WhiteFideId "186716"]
[BlackFideId "2041715"]
[WhiteElo "2259"]
[BlackElo "1953"]
[Result "1-0"]
[Round "04"]
[TimeControl "180+1"]
[Date "2022.12.21"]
[WhiteClock "0:00:13"]
[BlackClock "0:01:19"]

1. Nf3 f5 2. b3 Nf6 3. Bb2 e6 4. g3 b6 5. Bg2 Bb7 6. O-O Be7 7. d3 O-O 8. Nbd2 d6 9. Re1 Nbd7 10. e4 fxe4 11. dxe4 e5 12. Ng5 Nc5 13. b4 h6 14. bxc5 hxg5 15. cxd6 Bxd6 16. Nc4 Qe7 17. Ne3 Rac8 18. Nf5 Qe6 19. Qd2 g4 20. Qg5 Ne8 21. Qxg4 Rf6 22. Bh3 Qf7 23. Qe2 Rg6 24. Nxd6 Nxd6 25. Bxc8 Bxc8 26. Bxe5 Bg4 27. Qd3 Nc4 28. f4 Nxe5 29. fxe5 Qe7 30. Rad1 Kh7 31. Rd2 Qxe5 32. Qd4 Qg5 33. Rf2 Bh3 34. Qe3 Qe5 35. Rf4 Bg4 36. Ref1 Qe6 37. e5 Rg5 38. Qe4+ Kh6 39. Rf6+ gxf6 40. Rxf6+ Qxf6 41. exf6 Bh5 42. Qf4 Kg6 43. f7 Rf5 44. Qxf5+ Kxf5 45. f8=Q+ Ke5 46. Qf4+ Ke6 47. g4 Be8 48. h4 c5 49. h5 a5 50. h6 Kd5 51. h7 Kc6 52. h8=Q Bd7 53. Qhf6+ Kb5 54. Q4d6 Bc6 55. Qxc6+ 1-0


[Site "https://www.chess.com"]

[Event "Titled Tuesday Blitz December 20 Late 2022"]
[White "Muhammad, Shahzeb"]
[Black "Tanenbaum, Zachary"]
[WhiteFideId "7804806"]
[BlackFideId "2060850"]
[WhiteElo "2383"]
[BlackElo "2175"]
[Result "1-0"]
[Round "04"]
[TimeControl "180+1"]
[Date "2022.12.21"]
[WhiteClock "0:00:18"]
[BlackClock "0:00:09"]

1. e4 e5 2. Nf3 Nc6 3. d4 exd4 4. Nxd4 Bc5 5. Nxc6 Qf6 6. Qd2 dxc6 7. Bd3 Ne7 8. O-O Be6 9. Qg5 Qxg5 10. Bxg5 f6 11. Bc1 O-O-O 12. Kh1 f5 13. Nc3 Bd4 14. Bg5 Bxc3 15. bxc3 Rd7 16. Bxe7 fxe4 17. Bxe4 Rxe7 18. Rfe1 g6 19. a3 Rhe8 20. Bd3 c5 21. c4 Bg4 22. Rxe7 Rxe7 23. f3 Bf5 24. Bxf5+ gxf5 25. Kg1 Re2 26. Rc1 Kd7 27. h4 Kd6 28. Kh2 Ke5 29. Kg3 f4+ 30. Kh3 Kd4 31. g3 fxg3 32. Kxg3 Kxc4 33. f4 Re3+ 34. Kg4 Rxa3 35. f5 Ra6 36. Rf1 Rf6 37. Kg5 Rf7 38. f6 Kc3 39. Rf2 a5 40. Kf5 a4 41. Ke6 Rf8 42. Ke7 Ra8 43. f7 a3 44. Rf3+ Kb2 45. Rb3+ Kxc2 46. Rxa3 Rc8 47. Ra7 b5 48. f8=Q Rxf8 49. Kxf8 c4 50. Rxc7 Kc3 51. Ke7 b4 52. Kd6 b3 53. Kd5 b2 54. Rxc4+ Kd3 55. Rb4 Kc2 56. Ke5 b1=Q 57. Rxb1 Kxb1 58. Kf6 Kc2 59. Kg7 Kd3 60. Kxh7 Ke4 61. Kg7 Kf5 62. h5 1-0


[Site "https://www.chess.com"]

[Event "Titled Tuesday Blitz December 20 Late 2022"]
[White "Nasir, Zehn"]
[Black "Dylag, Emilia"]
[WhiteFideId "2613239"]
[BlackFideId "21805172"]
[WhiteElo "1993"]
[BlackElo "1878"]
[Result "1-0"]
[Round "04"]
[TimeControl "180+1"]
[Date "2022.12.21"]
[WhiteClock "0:00:11"]
[BlackClock "0:00:10"]

1. d4 Nf6 2. Bf4 g6 3. Nc3 Bg7 4. e4 d6 5. Bc4 Nc6 6. Nf3 O-O 7. h4 Nh5 8. Be3 e5 9. dxe5 Nxe5 10. Nxe5 dxe5 11. Qxd8 Rxd8 12. Nd5 c6 13. Ne7+ Kf8 14. Nxc8 Raxc8 15. g3 b6 16. Ke2 f5 17. exf5 gxf5 18. Be6 Rc7 19. Bxf5 e4 20. c3 Re7 21. Rad1 Rxd1 22. Rxd1 c5 23. Rd8+ Kf7 24. Bxh7 Be5 25. Bf5 Bxg3 26. Bg4 Nf4+ 27. Kf1 Bh2 28. Rd7 Rxd7 29. Bxd7 Nd3 30. b3 Be5 31. Bd2 Kg6 32. Be8+ Kg7 33. h5 Nf4 34. a4 Nd5 35. h6+ Kh7 36. c4 Nf4 37. Bc6 Kxh6 38. Bxe4 Kg7 39. Ke1 Kf6 40. Kd1 Ne6 41. Be3 Nd4 42. Bc2 Ke6 43. Bg5 Kd7 44. f4 Bg7 45. Kd2 Ke6 46. Kd3 Nf3 47. Ke3 Nxg5 48. fxg5 Ke5 49. Be4 Bh8 50. g6 Bg7 51. Kf3 Kd4 52. Kf4 Kc3 53. Bc6 a6 54. Bb7 a5 55. Bc6 Kd4 56. Kf5 Kc3 57. Ke6 Kxb3 58. Bb5 Kc3 59. Kf7 Bd4 60. g7 Bxg7 61. Kxg7 Kd4 62. Kf6 Kc3 63. Ke5 Kb2 64. Kd6 Ka1 65. Kc6 Ka2 66. Kxb6 1-0


[Site "https://www.chess.com"]

[Event "Titled Tuesday Blitz December 20 Late 2022"]
[White "Nasuta, Grzegorz"]
[Black "Sivakumar, Shaaketh"]
[WhiteFideId "1141686"]
[BlackFideId "30940176"]
[WhiteElo "2441"]
[BlackElo "2174"]
[Result "1-0"]
[Round "04"]
[TimeControl "180+1"]
[Date "2022.12.21"]
[WhiteClock "0:00:09"]
[BlackClock "0:00:10"]

1. e4 c5 2. Nf3 d6 3. Bb5+ Bd7 4. Bxd7+ Qxd7 5. c4 Nc6 6. d4 cxd4 7. Nxd4 Nf6 8. Nc3 g6 9. Be3 Ng4 10. Bg5 Bg7 11. Nxc6 bxc6 12. O-O h6 13. Bh4 O-O 14. Qd2 Ne5 15. b3 a5 16. Rad1 a4 17. Nxa4 Nxc4 18. Qe2 Qe6 19. Rc1 Na5 20. f4 c5 21. Qd3 Nc6 22. Qd5 Nd4 23. Qxe6 fxe6 24. Bxe7 Rf7 25. Bxd6 Ne2+ 26. Kf2 Nxc1 27. Rxc1 g5 28. Ke2 gxf4 29. Bxc5 Be5 30. Bf2 Kh7 31. Rc6 Re7 32. Kf3 Rg8 33. Nc5 Reg7 34. Rxe6 Bb8 35. g3 fxg3 36. hxg3 Bxg3 37. Be3 Rf7+ 38. Ke2 Rg6 39. Re8 h5 40. Ne6 Rd7 41. Nf8+ Kg7 42. Nxd7 h4 43. Re7+ Kg8 44. Bd4 h3 45. Nf6+ Kf8 46. Rh7 h2 47. Rh3 Bd6 48. Nh5 Rg2+ 49. Kf3 Rg1 50. e5 h1=Q+ 51. Rxh1 Rxh1 52. exd6 Rxh5 53. Ke4 Ke8 54. Be5 Kd7 55. b4 Rh4+ 56. Bf4 Kc6 57. a4 Rh1 58. b5+ Kb6 59. Be3+ Kb7 60. Bc5 Rh4+ 61. Kd5 Rxa4 62. Ke6 Ra1 63. d7 Re1+ 64. Kd6 Rd1+ 65. Ke7 Re1+ 66. Kf7 Rd1 67. Ke8 Re1+ 68. Be7 Rd1 69. d8=Q Rxd8+ 70. Bxd8 Ka7 71. Kd7 Kb7 72. Kd6 Kc8 73. Kc6 Kb8 74. Kb6 Ka8 75. Bg5 Kb8 76. Ka6 Ka8 77. Be3 Kb8 78. b6 Ka8 79. b7+ Kb8 80. Bf4# 1-0


[Site "https://www.chess.com"]

[Event "Titled Tuesday Blitz December 20 Late 2022"]
[White "Olsen, Filip Boe"]
[Black "Janaszak, Dawid"]
[WhiteFideId "1440640"]
[BlackFideId "1119206"]
[WhiteElo "2333"]
[BlackElo "2220"]
[Result "1-0"]
[Round "04"]
[TimeControl "180+1"]
[Date "2022.12.21"]
[WhiteClock "0:00:39"]
[BlackClock "0:00:33"]

1. d4 Nf6 2. c4 e6 3. Nc3 Bb4 4. e3 O-O 5. Bd2 b6 6. Bd3 Bb7 7. Nf3 d5 8. cxd5 exd5 9. Rc1 Re8 10. Ne5 Bd6 11. Nb5 Ne4 12. Nxd6 Qxd6 13. O-O Nd7 14. f4 Ndf6 15. Be1 c5 16. Bh4 cxd4 17. exd4 Qb4 18. Rc7 Qxd4+ 19. Bf2 Qxb2 20. Rxb7 Qxa2 21. Bd4 Rac8 22. Nxf7 Nc3 23. Qf3 Qd2 24. Bxf6 Re3 25. Nh6+ Kf8 26. Bxg7+ Ke8 27. Qh5+ Kd8 28. Bf6+ 1-0


[Site "https://www.chess.com"]

[Event "Titled Tuesday Blitz December 20 Late 2022"]
[White "Onslow, Alfie"]
[Black "Omelja, Artem"]
[WhiteFideId "436976"]
[BlackFideId "14119846"]
[WhiteElo "2015"]
[BlackElo "2404"]
[Result "0-1"]
[Round "04"]
[TimeControl "180+1"]
[Date "2022.12.21"]
[WhiteClock "0:00:02"]
[BlackClock "0:00:08"]

1. e4 c5 2. Nc3 Na6 3. Bxa6 bxa6 4. Nf3 d6 5. O-O Bb7 6. Re1 g6 7. d4 cxd4 8. Qxd4 Nf6 9. Bg5 Bg7 10. e5 dxe5 11. Qa4+ Qd7 12. Nxe5 Qxa4 13. Nxa4 O-O 14. Nc5 Bc8 15. Nc6 e6 16. Rad1 Nd5 17. c4 Nb6 18. b3 e5 19. Ne7+ Kh8 20. Nxc8 Raxc8 21. Nxa6 f5 22. Nb4 h6 23. Be3 e4 24. Bxb6 axb6 25. Rd6 Bc3 26. Nc2 Bxe1 27. Nxe1 Rb8 28. Rxg6 Kh7 29. Rc6 Rfd8 30. Kf1 Rd1 31. Rf6 Ra8 32. a4 Rb1 33. Rxb6 Rd8 34. Ke2 Rb2+ 35. Kf1 Rd1 36. Rb7+ Kg6 37. Rb6+ Kf7 38. Rb7+ Ke8 39. Rb8+ Kd7 40. Rb7+ Kc8 41. Rf7 Rbb1 42. g3 Rxe1+ 43. Kg2 Rxb3 44. Rxf5 Rf3 45. Rc5+ Kd7 46. Rd5+ Ke6 47. a5 Re2 48. a6 Rfxf2+ 49. Kh3 Rxh2+ 50. Kg4 Ra2 51. Kf4 Rxa6 52. Kxe4 Raa2 53. Re5+ Kf6 54. Rf5+ Kg6 55. Rd5 Rae2+ 56. Kf4 Rhf2+ 57. Kg4 Rf6 58. Kh3 Re4 59. c5 Rc4 60. Kh2 Rc6 61. Rd7 R4xc5 62. Rd8 Rc2+ 63. Kh3 R2c5 64. Rg8+ Kh7 65. Rd8 Rg6 66. Rd7+ Rg7 67. Rd3 Rcg5 68. Rf3 Rg4 69. Kh2 h5 70. Kh3 Kh6 71. Rf6+ R7g6 72. Rf3 R4g5 73. Re3 h4 74. gxh4 Rg1 75. Kh2 Kh5 76. Re5+ Kxh4 77. Re4+ R1g4 78. Re3 Kh5 79. Re5+ R6g5 80. Re8 Rh4# 0-1


[Site "https://www.chess.com"]

[Event "Titled Tuesday Blitz December 20 Late 2022"]
[White "Pakleza, Zbigniew"]
[Black "Veiga, Jose Francisco R P Neves"]
[WhiteFideId "1119290"]
[BlackFideId "1930087"]
[WhiteElo "2410"]
[BlackElo "2320"]
[Result "1-0"]
[Round "04"]
[TimeControl "180+1"]
[Date "2022.12.21"]
[WhiteClock "0:00:09"]
[BlackClock "0:00:11"]

1. d4 Nf6 2. Nf3 g6 3. Bf4 Bg7 4. e3 O-O 5. Be2 d6 6. h3 b6 7. O-O Bb7 8. c3 Nbd7 9. Bh2 a6 10. a4 Ra7 11. Nbd2 Qa8 12. Bd3 Re8 13. Qb3 e5 14. Bc4 d5 15. Be2 Ne4 16. Nxe4 dxe4 17. Ng5 Re7 18. Bc4 Qe8 19. d5 Nc5 20. Qc2 h6 21. Nxe4 Nxe4 22. Qxe4 Rd7 23. Rfd1 Rd6 24. Qc2 Ra8 25. e4 Rad8 26. Be2 c6 27. c4 cxd5 28. cxd5 Qd7 29. Rdc1 Rc8 30. Qb3 f5 31. f3 f4 32. Kh1 Qd8 33. Bg1 Bf6 34. Rxc8 Bxc8 35. Rc1 Bb7 36. Qc3 Rd7 37. Qb4 Rd6 38. Qc4 Rd7 39. Qb3 Rd6 40. Rc3 Be7 41. Qc2 Rd7 42. Bc4 Kg7 43. Ba2 Bb4 44. Rc4 Be7 45. Qc3 Bf6 46. b4 b5 47. axb5 axb5 48. Rc5 Qb6 49. Bb1 Qd6 50. Bd3 Be7 51. Bxb5 Rd8 52. Rc7 Bc8 53. Qc5 Qxc5 54. bxc5 Kf6 55. d6 Bf8 56. Rxc8 Rxc8 57. Bd7 Ra8 58. Bc6 Rc8 59. Bd5 Bxd6 60. cxd6 Rd8 61. Bc5 Rc8 62. d7 Rd8 63. Bc6 Ke6 64. Bb5 Rxd7 65. Bxd7+ Kxd7 66. Bb4 Ke6 67. Bc3 g5 68. Kg1 Kd6 69. Kf2 Ke6 70. Ke2 h5 71. Kd3 g4 72. Kc4 Kf6 73. Be1 Kg5 74. h4+ Kf6 75. Kd5 gxf3 76. gxf3 1-0


[Site "https://www.chess.com"]

[Event "Titled Tuesday Blitz December 20 Late 2022"]
[White "Paravyan, David"]
[Black "Kazakouski, Valery"]
[WhiteFideId "4194985"]
[BlackFideId "13507443"]
[WhiteElo "2551"]
[BlackElo "2516"]
[Result "1-0"]
[Round "04"]
[TimeControl "180+1"]
[Date "2022.12.20"]
[WhiteClock "0:00:22"]
[BlackClock "0:00:26"]

1. e4 e5 2. Nf3 Nc6 3. Nc3 Nf6 4. d4 exd4 5. Nxd4 Bc5 6. Be3 Bb6 7. Qd2 Ng4 8. Bg5 f6 9. Nxc6 Bxf2+ 10. Qxf2 dxc6 11. Qg3 fxg5 12. h3 Nh6 13. Bc4 Rf8 14. Bb3 Nf7 15. O-O h6 16. Rf2 Qd4 17. Rd1 Qc5 18. Qxc7 Nd6 19. Rd2 Rxf2 20. Rxf2 Bd7 21. e5 Nc4 22. Bxc4 Qxc4 23. Qxb7 Rd8 24. Qxa7 g4 25. hxg4 Qxg4 26. Qc5 Bf5 27. e6 Bxe6 28. Rf8+ Kd7 29. Qa7+ 1-0


[Site "https://www.chess.com"]

[Event "Titled Tuesday Blitz December 20 Late 2022"]
[White "Pein, Jonathan"]
[Black "Dias, Joao Batista"]
[WhiteFideId "417092"]
[BlackFideId "2108240"]
[WhiteElo "2225"]
[BlackElo "1898"]
[Result "1/2-1/2"]
[Round "04"]
[TimeControl "180+1"]
[Date "2022.12.21"]
[WhiteClock "0:02:18"]
[BlackClock "0:01:45"]

1. b3 g6 2. Bb2 Nf6 3. g4 h6 4. e4 Bg7 5. e5 Nh7 6. d4 d6 7. Bd3 O-O 8. Qe2 dxe5 9. dxe5 Nc6 10. Nd2 Qd5 11. Ngf3 Bxg4 12. O-O Ng5 13. Kg2 Bh3+ 14. Kg1 Bg4 15. Kg2 Bh3+ 16. Kg1 Bxf1 17. Rxf1 Nh3+ 18. Kh1 Nf4 19. Qe4 1/2-1/2


[Site "https://www.chess.com"]

[Event "Titled Tuesday Blitz December 20 Late 2022"]
[White "Piliczewski, Bogusz"]
[Black "Kirillov, Dmitry"]
[WhiteFideId "1104144"]
[BlackFideId "34180572"]
[WhiteElo "1896"]
[BlackElo "2111"]
[Result "0-1"]
[Round "04"]
[TimeControl "180+1"]
[Date "2022.12.21"]
[WhiteClock "0:00:22"]
[BlackClock "0:00:08"]

1. d4 d5 2. Nf3 e6 3. c4 c6 4. Nc3 dxc4 5. a4 Bb4 6. e4 b5 7. Be2 Nf6 8. Bg5 h6 9. Bxf6 Qxf6 10. O-O Bxc3 11. bxc3 O-O 12. Qb1 a6 13. Ne5 Qe7 14. f4 Qd6 15. g3 Nd7 16. Nxd7 Qxd7 17. e5 Bb7 18. Bf3 Rac8 19. Rd1 Qc7 20. Qe4 Rfd8 21. Rd2 a5 22. axb5 Rd5 23. bxc6 Bxc6 24. Qe2 Bb7 25. Bxd5 Bxd5 26. Rda2 Ra8 27. Qb2 Bc6 28. Rb1 Qd7 29. h4 a4 30. Ra3 Ra7 31. Rba1 Rb7 32. Qf2 Rb3 33. Qc2 Qd5 34. Kh2 Qb5 35. Rxb3 cxb3 36. Qd2 b2 37. Rb1 a3 38. c4 Qxc4 39. Rxb2 axb2 40. Qxb2 Qf1 41. g4 Qxf4+ 42. Kg1 Qxg4+ 43. Kf1 Qxh4 44. Qb8+ Kh7 45. Qc7 Qf4+ 46. Ke1 Qe4+ 47. Kf1 Kg6 48. Qd8 Bb5+ 49. Kf2 Qe2+ 50. Kg3 h5 51. Qh4 Qe3+ 52. Kh2 Qg5 53. Qxg5+ Kxg5 54. Kg3 Kf5 55. Kf3 Bc6+ 56. Ke3 Bd5 57. Kf2 h4 58. Ke3 h3 59. Kf2 h2 60. Kg3 h1=Q 61. Kf2 Qf3+ 62. Ke1 Ke4 63. Kd2 Bb3 64. Kc1 Qe2 65. Kb1 Qc2+ 66. Ka1 Qa2# 0-1


[Site "https://www.chess.com"]

[Event "Titled Tuesday Blitz December 20 Late 2022"]
[White "Poltorak, Sebastian"]
[Black "Goltsev, Dmitry"]
[WhiteFideId "1199498"]
[BlackFideId "24176710"]
[WhiteElo "2195"]
[BlackElo "2327"]
[Result "0-1"]
[Round "04"]
[TimeControl "180+1"]
[Date "2022.12.21"]
[WhiteClock "0:00:16"]
[BlackClock "0:01:55"]

1. d4 Nf6 2. c4 e6 3. Nc3 d5 4. cxd5 exd5 5. Bg5 c6 6. e3 Be7 7. Bd3 h6 8. Bh4 Nbd7 9. Nge2 Nf8 10. Qc2 Ne6 11. f3 Bd7 12. h3 Qc7 13. Rc1 Bd6 14. e4 Bf4 15. Rd1 Be3 16. Bxf6 gxf6 17. exd5 cxd5 18. Nxd5 Qa5+ 19. Qc3 Qxd5 20. Be4 Qg5 21. f4 Nxf4 22. Rf1 Nxe2 23. Kxe2 Bb5+ 24. Bd3 Bxd3+ 25. Rxd3 Qxg2+ 26. Kxe3 Qxf1 27. Kd2 O-O 28. Rg3+ Kh8 29. Qe3 Kh7 30. Qe4+ f5 31. Qd5 Rae8 32. Rg2 Qf4+ 33. Kc2 Qe4+ 0-1


[Site "https://www.chess.com"]